 Dungeon Crawl Stone Soup version 0.29-a0-352-g0917bc69df (webtiles) character file.

Game seed: 5529285968187722288

7 NinjaNoafa the Cutter (level 2, 0/19 HPs)
             Began as a Kobold Monk on Apr 24, 2022.
             Slain by a rat (3 damage)
             ... on level 1 of the Dungeon.
             The game lasted 00:00:28 (411 turns).

NinjaNoafa the Cutter (Kobold Monk)                  Turns: 411, Time: 00:00:30

Health: 0/19       AC:  2    Str:  8    XL:     2   Next: 5%
Magic:  2/2        EV: 16    Int: 11    God:
Gold:   18         SH:  0    Dex: 17    Spells: 1/1 levels left

rFire   . . .      SeeInvis .   a - +0 short sword
rCold   . . .      Faith    .   (no shield)
rNeg    . . .      Spirit   .   b - +0 robe
rPois   .          Reflect  .   (no helmet)
rElec   .          Harm     .   (no cloak)
rCorr   .          Rampage  .   (no gloves)
Will    .....                   (no boots)
Stlth   +++.......              (no amulet)
HPRegen 0.06/turn               (no ring)
MPRegen 0.08/turn               (no ring)

@: no status effects
A: small, no large weapons, nightstalker 3
a: no special abilities


You were on level 1 of the Dungeon.
You visited 1 branch of the dungeon, and saw 1 of its levels.

You collected 18 gold pieces.

Inventory:

Hand Weapons
 a - a +0 short sword (weapon)
Missiles
 f - 3 boomerangs (quivered)
Armour
 b - a +0 robe (worn)
Jewellery
 g - a ring of positive energy
Potions
 c - a potion of ambrosia
 d - 2 potions of curing


   Skills:
 + Level 3.4 Fighting
 + Level 4.1 Short Blades
 + Level 3.8 Dodging
 + Level 3.0 Stealth


You had one spell level left.
You didn't know any spells.
Your spell library contained the following spells:

 Spells                   Type           Power      Damage    Failure   Level
 Sting                    Tmut/Pois      0%         1d3       34%         1
 Poisonous Vapours        Pois/Air       0%         N/A       47%         2
 Olgreb's Toxic Radiance  Pois           0%         N/A       98%         4


Dungeon Overview and Level Annotations

Branches:
Dungeon (1/15)

Altars:


Innate Abilities, Weirdness & Mutations

You are small and have problems with some larger weapons.
You are completely attuned to the shadows.


Message History

The ball python grabs you. The ball python constricts you.
The jackal barely misses you.
It was a potion of curing.
You feel better.
The jackal bites you but does no damage.
The jackal barely misses you. The rat barely misses you.
The ball python misses you. The ball python constricts you.
The jackal barely misses you.
As you read the scroll labelled MUOXILI NION, it crumbles to dust.
It is a scroll of identify.
You don't have any unidentified items.
The jackal misses you. The ball python bites you.
The ball python constricts you. The rat misses you.
The jackal closely misses you.
The jackal bites you but does no damage.
You escape the ball python's grasp.
The rat attacks as you move away! The rat misses you.
The jackal attacks as you move away! The jackal barely misses you.
The jackal bites you. The rat bites you but does no damage.
A ball python comes into view.
The rat attacks as you move away! The rat barely misses you.
The rat misses you. The jackal bites you.
* * * LOW HITPOINT WARNING * * *
You barely miss the jackal.
The jackal is almost dead.
The rat closely misses you. The rat barely misses you.
The jackal barely misses you. The jackal closely misses you.
You hit the jackal.
You kill the jackal!
The rat completely misses you. The rat barely misses you.
The jackal barely misses you.
Your Stealth skill increases to level 3!
You have reached level 2!
Okay, then.
You puncture the ball python!
You kill the ball python!
The jackal bites you.
* * * LOW HITPOINT WARNING * * *
The rat twitches its whiskers.
The rat bites you.
You die...

#.#####.#
#.# #.#
####.#
#.#
#....#
#.#####
####.####
#.#....
.....####
#.'....
.#.......
#####....
+hr.....
.........
#@†)....
#.......
#.r.....
#.......
#.......
.#...####
.........
.....'...
.........
.#...####
#...#
#...#
#####


You could see a jackal and 2 rats.

Vanquished Creatures
  2 ball pythons (D:1)
  An endoplasm (D:1)
  A jackal (D:1)
  A bat (D:1)
  2 goblins (D:1)
7 creatures vanquished.

Notes
Turn   | Place    | Note
-------+----------+-------------------------------------------
     0 | D:1      | NinjaNoafa the Kobold Monk began the quest for the Orb.
     0 | D:1      | Reached XP level 1. HP: 14/14 MP: 1/1
   411 | D:1      | Reached XP level 2. HP: 4/19 MP: 2/2
   411 | D:1      | Slain by a rat

Illustrated notes

Levels and vault maps discovered:
D:1:      saegor_arrival_simple_a, layout_basic,
          dreamdust_ecumenical_altar_statues

Skill      XL: |  1 |
---------------+----+-----
Stealth        | 3 |  3.0
Fighting       | |  3.4
Short Blades   | |  4.1
Dodging        | |  3.8

Action                   || total
-------------------------++-------
Melee: Short sword       ||    23
       Punch             ||     1
  Use: Scroll            ||     1
       Potion            ||     1
Armor: Robe              ||     9
Dodge: Dodged            ||    56

Table legend: (Time is in decaauts)
 A = Elapsed time spent in this place.
 B = Non-inter-level travel time spent in this place.
 C = Inter-level travel time spent in this place.
 D = Time resting spent in this place.
 E = Time spent auto-exploring this place.
 F = Levels seen in this place.
 G = Mean time per level.
                   A        B        C        D        E       F      G
               +--------+--------+--------+--------+--------+-----+--------+
         Total |    408 |    408 |      0 |      0 |    351 |   1 |  408.0 |
       Dungeon |    408 |    408 |      0 |      0 |    351 |   1 |  408.0 |
               +--------+--------+--------+--------+--------+-----+--------+

Top non-repeatable levels by time:
     D:1: 408 daAuts
